cohdb
Replays
Latest Replays
All Replays
Popular Replays
Top Player Replays
Match Explorer
How It Works
Community
CoH3 Stats
Reddit
Sign in to upload your games and track your stats! →
Sign in with Steam
Match 41557361
Unlisted
Match 41557361
Overview
Messages
Build Orders
End
Selects Italian Combined Arms Battlegroup
Selects Bersaglieri Squad
Bersaglieri Squad
Kradschützen Motorcycle Team
Bersaglieri Squad
Construct Light Support Kompanie
Panzerjäger Squad
Fire Support Elements
Selects Bersaglieri Bolster
Flakvierling Half-track
2.5-tonne Medical Truck
Combat Half-tracks
Vehicle Survival Package
Selects Breda Model 30 Light Machine Guns
Pak 38 Mechanized Group
Construct Panzerarmee Kommand
Emergency Repair Kits
Walking Stuka Rocket Launcher
_StArK_
ggbilli
サティア・セイルーン
Nukepapa
VIthCents
Drone Operator
0
0
Comments
sign in to comment!
No comments posted yet!